 Dungeon Crawl Stone Soup version 0.21-a0-19-g210df22 (webtiles) character file.

16256 JeffiDaFish the Basher (level 12, -2/76 HPs)
             Began as a Gargoyle Fighter on May 25, 2017.
             Was the Champion of Okawaru.
             Slain by a spiny frog (15 damage)
             ... on level 3 of the Lair of Beasts.
             The game lasted 00:19:58 (10234 turns).

JeffiDaFish the Basher (Gargoyle Fighter)          Turns: 10234, Time: 00:19:58

Health: -2/76      AC: 38    Str: 19    XL:     12   Next: 35%
Magic:  12/12      EV:  8    Int: 11    God:    Okawaru [******]
Gold:   619        SH: 12    Dex: 13    Spells: 10/11 levels left

rFire    . . .     SeeInvis .   o - +6 flail (protect)
rCold    . . .     Gourm    .   m - +0 shield
rNeg     + . .     Faith    .   s - +1 chain mail {MR+}
rPois    ∞         Spirit   .   i - +1 helmet
rElec    +         Reflect  .   u - +0 cloak
rCorr    .         Harm     .   r - +0 pair of gloves
MR       +....                  c - +0 pair of boots
Stlth    ..........             (no amulet)
Regen    0.7/turn               j - +4 ring of protection
MPRegen  0.2/turn               (no ring)

@: protection aura, flying
A: big wings, negative energy resistance 1, regeneration 1, electricity
resistance, unbreathing, petrification resistance, rot immunity, AC +8
a: Stop Flying, Heroism, Finesse, Renounce Religion


You were on level 3 of the Lair of Beasts.
You worshipped Okawaru.
Okawaru was exalted by your worship.
You were not hungry.

You visited 3 branches of the dungeon, and saw 14 of its levels.

You collected 619 gold pieces.

Inventory:

Hand Weapons
 o - a +6 flail of protection (weapon)
Armour
 c - a +0 pair of boots (worn)
 i - a +1 helmet (worn)
 m - a +0 shield (worn)
 r - a +0 pair of gloves (worn)
 s - a +1 chain mail of magic resistance (worn)
 u - a +0 cloak (worn)
Jewellery
 j - a +4 ring of protection (left hand)
Wands
 x - a wand of iceblast (6/15)
 y - a wand of iceblast (9/15)
Scrolls
 a - 4 scrolls of remove curse
 e - 3 scrolls of teleportation
 g - 2 scrolls of fog
 l - 8 scrolls of identify
 t - 2 scrolls of blinking
 A - 2 scrolls of recharging
 B - a scroll of silence
Potions
 b - 5 potions of heal wounds
 d - 5 potions of might
 h - 2 potions of curing
 q - a potion of brilliance
 v - a potion of cancellation
 z - a potion of invisibility
Books
 p - a book of Geomancy

   Spells                             Type                      Level
   a - Sandblast                      Earth                        1
   b - Passwall                       Transmutation/Earth          2
   c - Stone Arrow                    Conjuration/Earth            3
   d - Petrify                        Transmutation/Earth          4
   e - Lee's Rapid Deconstruction     Earth                        5
Comestibles
 f - 10 bread rations
 k - 8 meat rations
 n - 3 royal jellies
 w - 7 chunks of flesh
 C - 4 fruits


   Skills:
 + Level 9.5 Fighting
 + Level 13.1 Maces & Flails
 + Level 8.4 Armour
 + Level 3.2 Dodging
 + Level 2.6 Stealth
 + Level 10.3 Shields


You had 10 spell levels left.
You knew the following spells:

 Your Spells              Type           Power        Failure   Level  Hunger
a - Sandblast             Erth           #.....       99%         1    ##.....


Dungeon Overview and Level Annotations

Branches:
Dungeon (10/15)            Temple (1/1) D:6            Lair (3/6) D:10
  Snake (0/4) Lair:3
  Swamp: Lair:2-4    Shoals: Lair:2-4       Orc: D:9-12

Altars:
Cheibriados
Dithmenos
Elyvilon
Fedhas
Hepliaklqana
Kikubaaqudgha
Okawaru
Qazlal
Ru
Sif Muna
Trog
Uskayaw
Vehumet
Wu Jian
Xom
Zin
The Shining One


Innate Abilities, Weirdness & Mutations

You are resistant to torment.
Your stone body is resilient. (AC +8)
You are immune to poison.
You resist negative energy. (rN+)
You are resistant to electric shocks. (rElec)
You can survive without breathing.
You are immune to petrification.
You are immune to rotting.
Your large and strong wings let you fly indefinitely.
Your natural rate of healing is unusually fast.


Message History

The water moccasin is heavily wounded.
You block the water moccasin's attack.
You sock the water moccasin!
The water moccasin is almost dead.
The water moccasin closely misses you.
You hit the water moccasin.
The water moccasin is almost dead.
You block the water moccasin's attack.
You hit the water moccasin but do no damage.
The water moccasin is almost dead.
The water moccasin bites you but does no damage.
You sock the water moccasin!
You kill the water moccasin!
Okawaru accepts your kill.
You barely miss the spiny frog. The spiny frog stings you!
* * * LOW HITPOINT WARNING * * *
You hit the spiny frog.
The spiny frog is lightly wounded.
The spiny frog stings you!
You die...

## ### ### ### #.########.###
######.####
#.####...#.......######..........
....#..#...#...#.'....##.........
.......#.......#@##..............
........##.#...#F####..#.........
....##.........#†## ##.+.........
....##.#..#....#†.# ###.........
.....#.#.........## ##P'###.#.
...#P####P..##..## ##..#####
.†.### #.......# ##..### #.?.#
#....#...# ##...## ....P#
#.......... #P#.....


You could see a spiny frog.

Vanquished Creatures
  3 two-headed ogres
  The ghost of nebgrebaes the Skirmisher, a novice DsGl of Okawaru (D:8)
  An orc high priest (D:9)
  Pikel (D:9)
  The ghost of Vinniefish the Sneak, a novice NaVM of Vehumet (D:5)
  A manticore (D:10)
  A black mamba (Lair:3)
  Maurice (D:9)
  5 spiny frogs
  3 komodo dragons
  A hornet (D:8)
  A troll (D:10)
  7 hippogriffs
  A wyvern (D:10)
  3 yaks (D:9)
  A basilisk (Lair:3)
  A hungry ghost (D:7)
  2 nagas (Lair:3)
  6 water moccasins
  2 porcupines
  4 ice beasts
  5 orc warriors
  2 sky beasts
  A slave (D:9)
  A black bear (Lair:1)
  7 ogres
  A phantom (D:8)
  3 centaurs
  5 crocodiles
  12 bullfrogs
  A wyvern zombie (D:6)
  2 scorpions
  5 wights (D:10)
  7 howler monkeys
  6 crimson imps
  A bullfrog zombie (D:7)
  2 centaur zombies
  6 hounds
  A gnoll shaman (D:5)
  8 orc priests
  3 jellies
  11 orc wizards
  3 bullfrog skeletons
  2 iguanas
  2 worker ants
  2 killer bee zombies
  A hound zombie (D:5)
  2 hound skeletons (D:4)
  8 gnolls
  10 adders
  An ooze (D:1)
  An adder skeleton (D:8)
  2 dart slugs
  2 leopard geckos
  65 orcs
  10 bats
  5 giant cockroaches
  7 goblins
  9 hobgoblins
  8 jackals
  5 quokkas
  2 ball pythons
  3 frilled lizards
  A jackal skeleton (D:8)
  3 kobolds
  A leopard gecko skeleton (D:4)
  2 leopard gecko zombies
  A quokka skeleton (D:7)
  5 rats
300 creatures vanquished.

Vanquished Creatures (others)
  A fungus (D:10)
1 creature vanquished.

Grand Total: 301 creatures vanquished

Notes
Turn   | Place    | Note
-------+----------+-------------------------------------------
     0 | D:1      | JeffiDaFish the Gargoyle Fighter began the quest for the Orb.
     0 | D:1      | Reached XP level 1. HP: 14/14 MP: 1/1
   233 | D:1      | Reached XP level 2. HP: 13/19 MP: 2/2
   656 | D:1      | Reached XP level 3. HP: 21/23 MP: 3/3
  1275 | D:2      | Reached XP level 4. HP: 26/28 MP: 4/4
  1697 | D:3      | Reached skill level 3 in Maces & Flails
  1708 | D:3      | Reached skill level 1 in Dodging
  1995 | D:3      | Gained mutation: Your large and strong wings let you fly indefinitely. [potion of mutation]
  1995 | D:3      | Gained mutation: Your natural rate of healing is unusually fast. [potion of mutation]
  2035 | D:3      | Reached XP level 5. HP: 27/33 MP: 5/5
  2285 | D:3      | Reached XP level 6. HP: 38/38 MP: 6/6
  2740 | D:4      | Reached skill level 4 in Maces & Flails
  3098 | D:5      | Entered Level 5 of the Dungeon
  3153 | D:5      | Reached XP level 7. HP: 43/43 MP: 7/7
  3163 | D:5      | Noticed Vinniefish's ghost (novice NaVM)
  3178 | D:5      | Killed Vinniefish's ghost
  3178 | D:5      | Reached skill level 5 in Fighting
  3178 | D:5      | Reached skill level 6 in Maces & Flails
  3178 | D:5      | Reached skill level 5 in Armour
  3178 | D:5      | Reached skill level 5 in Shields
  3178 | D:5      | Reached XP level 8. HP: 49/49 MP: 8/8
  3226 | D:5      | Found a white marble altar of Elyvilon.
  3370 | D:5      | Reached skill level 1 in Stealth
  3504 | D:5      | Reached skill level 7 in Maces & Flails
  3574 | D:5      | Got a faintly glowing bronze ring
  3608 | D:5      | Identified the ring "Gefazo" {rCorr -Tele rF+ Int+5} (You found it on level 5 of the Dungeon)
  4236 | D:6      | Found a hazy altar of Hepliaklqana.
  4327 | D:6      | Found a staircase to the Ecumenical Temple.
  4333 | Temple   | Entered the Ecumenical Temple
  4437 | Temple   | Became a worshipper of Warmaster Okawaru
  4513 | D:6      | Reached XP level 9. HP: 55/55 MP: 9/9
  4564 | D:6      | Reached skill level 8 in Maces & Flails
  5108 | D:7      | Reached * piety under Okawaru
  5223 | D:7      | Reached skill level 9 in Maces & Flails
  5705 | D:7      | Reached ** piety under Okawaru
  5909 | D:8      | Reached XP level 10. HP: 63/63 MP: 10/10
  5986 | D:8      | Noticed nebgrebaes's ghost (novice DsGl)
  6028 | D:8      | Killed nebgrebaes's ghost
  6028 | D:8      | Reached skill level 10 in Maces & Flails
  6138 | D:8      | Noticed a two-headed ogre
  6144 | D:8      | Killed a two-headed ogre
  6144 | D:8      | Reached *** piety under Okawaru
  6594 | D:8      | Reached **** piety under Okawaru
  7168 | D:9      | Reached skill level 11 in Maces & Flails
  7250 | D:9      | Noticed a two-headed ogre
  7260 | D:9      | Killed a two-headed ogre
  7260 | D:9      | Reached XP level 11. HP: 69/69 MP: 11/11
  7430 | D:9      | Learned a level 1 spell: Sandblast
  7474 | D:9      | Noticed Pikel
  7475 | D:9      | Noticed Maurice
  7486 | D:9      | Killed Pikel
  7486 | D:9      | Reached ***** piety under Okawaru
  7495 | D:9      | Killed Maurice
  7567 | D:9      | Noticed an orc high priest
  7580 | D:9      | Killed an orc high priest
  7607 | D:9      | Reached skill level 12 in Maces & Flails
  7813 | D:10     | Entered Level 10 of the Dungeon
  8132 | D:10     | Found a staircase to the Lair.
  8169 | D:10     | Received a gift from Okawaru
  8417 | D:10     | Noticed a two-headed ogre
  8424 | D:10     | Killed a two-headed ogre
  8519 | D:10     | Noticed a manticore
  8537 | D:10     | Killed a manticore
  8713 | Lair:1   | Entered Level 1 of the Lair of Beasts
  9207 | Lair:1   | You are sucked into a shaft!
  9241 | Lair:2   | Reached XP level 12. HP: 76/76 MP: 12/12
  9520 | Lair:2   | Reached skill level 13 in Maces & Flails
  9724 | Lair:2   | Reached skill level 10 in Shields
  9927 | Lair:3   | Received a gift from Okawaru
  9957 | Lair:3   | Found a staircase to the Snake Pit.
 10224 | Lair:3   | Reached ****** piety under Okawaru
 10234 | Lair:3   | Slain by a spiny frog

Vault maps used:
D:1:      minmay_arrival_arboretum_small
D:4:      serial_glass, glass_columns_a, glass_columns_c, glass_columns_c,
          glass_columns_a, grunt_decor_clamped
D:5:      basic_altar, first_bread, lightli_corner_chamber
D:6:      kennysheep_little_box, minmay_temple_entry_nine_rooms
D:7:      st_stairs_1
D:8:      special_room, grunt_ogre_cave
D:9:      minmay_hedge_maze, kennysheep_island_fort, uniq_maurice, uniq_pikel
D:10:     grunt_lair_entry_orc_guard_hut, kennysheep_windowed_goal
Temple:   compressed_dpeg_triangle_lava_temple
Lair:1:   eino_small_chamber_without_monster, infiniplex_staircase_pool_2,
          grunt_megastairs_4
Lair:2:   infiniplex_staircase_pool
Lair:3:   guppyfry_snake_entry_garden

Skill      XL: |  1  2  3  4  5  6  7  8  9 10 11 12 |
---------------+-------------------------------------+-----
Fighting       | 4 5 6 7 8 9 |  9.5
Maces & Flails | 3 4 6 7 9 11 12 13 | 13.1
Shields        | 4 5 6 8 9 10 | 10.3
Dodging        | 1 2 3 |  3.2
Armour         | 4 5 6 7 8 |  8.4
Stealth        | 1 2 |  2.6

Action                   |  1- 3 |  4- 6 |  7- 9 | 10-12 || total
-------------------------+-------+-------+-------+-------++-------
Melee: Flail             |   115 |   197 |   384 |   696 ||  1392
 Abil: Fly               |       |     1 |       |       ||     1
  Use: Potion            |     3 |     3 |     2 |     1 ||     9
       Scroll            |     4 |     5 |     6 |     7 ||    22
  Eat: Chunk             |     1 |     6 |    13 |    15 ||    35
Armor: Scale mail        |    75 |    88 |       |       ||   163
       Chain mail        |       |    35 |   204 |   381 ||   620
Dodge: Dodged            |    45 |    64 |    70 |   172 ||   351
Block: Shield            |    54 |   109 |   164 |   381 ||   708
